 Dungeon Crawl Stone Soup version 0.22-b1-26-g9dbaab1 (webtiles) character file.

536 Lew the Chopper (level 7, -5/67 HPs)
             Began as a Troll Fighter on Aug 6, 2018.
             Was an Initiate of Qazlal.
             Slain by Edmund
             ... wielding a +4 flail of protection
              (7 damage)
             ... on level 5 of the Dungeon.
             The game lasted 00:27:46 (3690 turns).

Lew the Chopper (Troll Fighter)                     Turns: 3690, Time: 00:27:46

Health: -5/67      AC:  7    Str: 31    XL:     7   Next: 4%
Magic:  15/15      EV: 14    Int:  4    God:    Qazlal [......]
Gold:   247        SH: 10    Dex: 15    Spells: 6/6 levels left

rFire    . . .     SeeInvis .   n - +0 war axe
rCold    . . .     Gourm    +   c - +0 shield
rNeg     . . .     Faith    .   j - +0 robe
rPois    .         Spirit   .   (helmet restricted)
rElec    .         Reflect  .   l - +1 cloak
rCorr    .         Harm     .   (gloves unavailable)
MR       .....                  (boots unavailable)
Stlth    +++.......             a - amulet of the gourmand
HPRegen  0.61/turn              v - ring of magical power
MPRegen  0.14/turn              (no ring)

@: mighty, agile
A: large, unfitting armour, claws 3, fast metabolism 3, gourmand, regeneration
1, shaggy fur 1, tough skin 2
a: Renounce Religion


You were on level 5 of the Dungeon.
You worshipped Qazlal.
Qazlal was noncommittal.
You were very full.

You visited 1 branch of the dungeon, and saw 5 of its levels.

You collected 247 gold pieces.

Inventory:

Hand Weapons
 n - a +0 war axe (weapon)
Missiles
 g - 59 poisoned needles (quivered)
 q - 85 stones
Armour
 c - a +0 shield (worn)
 j - a +0 robe (worn)
 l - a +1 cloak (worn)
Jewellery
 a - an amulet of the gourmand (around neck)
 v - a ring of magical power (left claw)
Scrolls
 b - a scroll of blinking
 h - 2 scrolls of remove curse
 i - 2 scrolls of teleportation
 r - a scroll of enchant armour
 t - a scroll of magic mapping
Potions
 e - a potion of agility
Comestibles
 f - 8 rations


   Skills:
 * Level 3.3 Fighting
 * Level 4.8 Axes
 + Level 3.2 Dodging
 + Level 0.6 Stealth
 + Level 3.3 Shields


You had 6 spell levels left.
You didn't know any spells.
Your spell library was empty.

Dungeon Overview and Level Annotations

Branches:
Dungeon (4/15)
 Temple: D:4-7

Altars:
Qazlal
Sif Muna

Annotations:
D:5 Edmund


Innate Abilities, Weirdness & Mutations

You are too large for most types of armour.
You have claws for hands.
Your metabolism is lightning-fast.
You like to eat raw meat.
Your natural rate of healing is unusually fast.
You are covered in fur. (AC +1)
You have very tough skin. (AC +2)


Message History

You hit Edmund but do no damage.
Edmund is almost dead.
Edmund closely misses you.
Edmund hits you with a flail of protection!
* * * LOW HITPOINT WARNING * * *
You hit Edmund.
Edmund is almost dead.
Edmund hits you with a flail of protection.
* * * LOW HITPOINT WARNING * * *
You barely miss Edmund.
Edmund is almost dead.
Edmund hits you with a flail of protection.
* * * LOW HITPOINT WARNING * * *
Blink to where?
Press: ? - help, Dir - move target cursor, f - you, p - Edmund
Okay, then.
You barely miss Edmund.
Edmund is almost dead.
Edmund hits you with a flail of protection!
You die...

#.# #.# #.#
#.# #.#####.#
#.......#####
#######.##..
#....#.#####
#.##.#.#...#
#.#........#
#.####@#.###
#.....@#
#......##
#......
......(
≈≈....(
⌠≈.....
...(...


You could see Edmund.

Vanquished Creatures
  2 scorpions (D:4)
  3 orc priests
  2 hounds (D:4)
  An iguana (D:4)
  3 worker ants (D:4)
  A hound zombie (D:5)
  6 adders
  A worm (D:2)
  2 dart slugs
  2 leopard geckos
  10 orcs
  A ball python (D:4)
  2 bats (D:3)
  5 giant cockroaches
  12 hobgoblins
  7 jackals
  5 kobolds
  3 quokkas (D:2)
  7 frilled lizards
  17 goblins
  14 rats
106 creatures vanquished.

Notes
Turn   | Place    | Note
-------+----------+-------------------------------------------
     0 | D:1      | Lew the Troll Fighter began the quest for the Orb.
     0 | D:1      | Reached XP level 1. HP: 22/22 MP: 0/0
   346 | D:1      | Reached XP level 2. HP: 29/29 MP: 1/1
   692 | D:2      | Reached XP level 3. HP: 36/36 MP: 2/2
   722 | D:2      | Reached skill level 2 in Axes
  1623 | D:3      | Reached XP level 4. HP: 24/44 MP: 3/3
  2128 | D:3      | Reached skill level 3 in Axes
  2131 | D:3      | Reached XP level 5. HP: 52/53 MP: 4/4
  3044 | D:4      | Reached skill level 4 in Axes
  3044 | D:4      | Reached XP level 6. HP: 61/61 MP: 5/5
  3248 | D:4      | Found a deep blue altar of Sif Muna.
  3248 | D:4      | Found a stormy altar of Qazlal.
  3256 | D:4      | Became a worshipper of Qazlal Stormbringer
  3401 | D:4      | Reached XP level 7. HP: 49/67 MP: 6/6
  3648 | D:4      | You fall through a shaft!
  3648 | D:5      | Entered Level 5 of the Dungeon
  3666 | D:5      | Noticed Edmund
  3689 | D:5      | HP: 1/67 [Edmund/flail of protection (4)]
  3690 | D:5      | Slain by Edmund

Skill      XL: |  1  2  3  4  5  6 |
---------------+-------------------+-----
Axes           | 2 3 4 |  4.8
Shields        | 3 |  3.3
Fighting       | 3 |  3.3
Dodging        | 3 |  3.2
Stealth        | |  0.6

Action                   |  1- 3 |  4- 6 |  7- 9 || total
-------------------------+-------+-------+-------++-------
Melee: War axe           |   120 |   202 |    24 ||   346
  Use: Scroll            |     5 |     1 |     4 ||    10
       Potion            |     2 |       |     3 ||     5
 Stab: Sleeping          |     2 |     1 |       ||     3
  Eat: Chunk             |    20 |    18 |     2 ||    40
Armor: Robe              |    36 |    64 |     6 ||   106
Dodge: Dodged            |    37 |    76 |    13 ||   126
Block: Shield            |    55 |    94 |     1 ||   150
